 Dungeon Crawl Stone Soup version 0.18.1-5-g4a78601 (webtiles) character file.

699 esc the Magician (level 7, 0/60 HPs)
             Began as a Deep Elf Fire Elementalist on May 12, 2016.
             Slain by a wyvern (9 damage)
             ... on level 5 of the Dungeon.
             The game lasted 00:12:44 (4399 turns).

esc the Magician (Deep Elf Fire Elementalist)       Turns: 4399, Time: 00:12:44

Health: 0/60       AC: 23    Str:  5    XL:     7   Next: 38%
Magic:  15/16      EV:  2    Int: 22    God:
Gold:   379        SH:  6    Dex: 18    Spells: 5 memorised, 3 levels left

rFire  . . .     SeeInvis .     n - +0 war axe (venom)
rCold  . . .     Gourm    .     (armour currently unavailable)
rNeg   + + +     Faith    .     (no shield)
rPois  +         Spirit   .     (helmet currently unavailable)
rElec  .         Dismiss  .     (cloak currently unavailable)
rCorr  .         Reflect  +     (gloves currently unavailable)
SustAt .         Harm     .     (boots currently unavailable)
MR     .....     NoTele   +     y - +6 amulet of reflection
Stlth  +++.......               (no ring)
                                l - +3 ring of dexterity

@: tree-form, very slightly contaminated, hasted, very quick, not resistant to
hostile enchantments, fairly stealthy
A: no striking features
a: no special abilities


You were on level 5 of the Dungeon.
You were not hungry.
You were a tree.
You visited 2 branches of the dungeon, and saw 6 of its levels.
You also visited: Ossuary.

You collected 379 gold pieces.

Inventory:

Hand Weapons
 m - a +0 rapier
   (You found it on level 2 of the Dungeon)
 n - a +0 war axe of venom (weapon)
   (You found it on level 2 of the Dungeon)
 q - a +2 whip of pain
   (You found it on level 3 of the Dungeon)
Missiles
 g - 177 stones (quivered)
 x - 11 tomahawks
Armour
 a - a +0 robe (melded)
 j - a +2 cloak (melded)
   (You found it on level 2 of the Dungeon)
 r - a +0 pair of gloves (melded)
   (You found it on level 3 of the Dungeon)
 z - a +0 pair of boots (melded)
   (You found it on level 4 of the Dungeon)
Jewellery
 h - an uncursed amulet of the gourmand {Gourm, !d}
   (You found it on level 1 of the Dungeon)
 l - a +3 ring of dexterity (left branch)
   (You found it on level 2 of the Dungeon)
 y - a +6 amulet of reflection (around neck)
   (You found it on level 4 of the Dungeon)
Wands
 u - a wand of disintegration (24/24)
   (You found it on level 4 of the Dungeon)
 v - a wand of slowing (36/48)
   (You found it on level 3 of the Dungeon)
Scrolls
 k - 2 scrolls of enchant weapon
 w - a scroll of remove curse
Potions
 d - a potion of degeneration {unknown}
 e - 3 potions of lignification {!q}
 f - 4 potions of might
 i - 5 potions of haste
 o - a potion of brilliance
 p - 4 potions of cancellation {unknown}
 t - 2 potions of heal wounds {unknown}
 C - 7 potions of curing {unknown}
 D - a potion of magic {unknown}
 E - a potion of cure mutation {unknown}
 F - a potion of agility {unknown}
Books
 b - a book of Flames
 B - a book of Alchemy
   (You found it on level 4 of the Dungeon)
Comestibles
 c - 5 bread rations {@e1}
 s - 2 fruits
 A - 3 meat rations {@e2}


   Skills:
 + Level 2.5 Fighting
 + Level 5.2 Dodging
 - Level 2.4 Stealth
 + Level 5.3 Spellcasting
 + Level 3.8 Conjurations
 + Level 5.3 Fire Magic


You had 3 spell levels left.
You knew the following spells:

 Your Spells              Type           Power        Failure   Level  Hunger
a - Flame Tongue          Conj/Fire      ####.        1%          1    None
b - Ignite Poison         Fire/Trmt/Pois ##......     14%         3    ##.....
c - Conjure Flame         Conj/Fire      ####....     6%          3    ##.....
s - Sticky Flame          Conj/Fire      ####....     17%         4    ####...
x - Throw Flame           Conj/Fire      ####..       2%          2    None


Dungeon Overview and Level Annotations

Branches:
Dungeon (5/15)             Temple (1/1) D:4

Altars:
Ashenzari
Cheibriados
Dithmenos
Fedhas
Makhleb
Ru
Sif Muna
Trog
Xom
Yredelemnul
Zin
The Shining One


Message History

You now have 9/16 mp.
Aim: a mummy (almost destroyed)
The flame tongue hits the mummy.
The mummy is burned terribly!
You destroy the mummy!
You now have 8/16 mp.
You start resting.
Your magical contamination has completely faded away.
You regained 3 mp, and now have 11/16 mp.
You start resting.
MP restored: 16 You open the door.
You found an alarm trap!
There is an open door here.
The alarm trap emits a blaring wail!
A sentinel's mark forms upon you.
D - a viscous yellow potion
i - 2 lumpy ruby potions (gained 1)
E - a viscous sapphire potion You now have 177 gold pieces (gained 10).
You now have 188 gold pieces (gained 11).
f - 3 potions of might (gained 1)
i - 4 lumpy ruby potions (gained 2)
You now have 206 gold pieces (gained 18).
You now have 221 gold pieces (gained 15).
You now have 238 gold pieces (gained 17).
k - 2 scrolls of enchant weapon (gained 1)
The sentinel's mark upon you fades away.
You now have 247 gold pieces (gained 9).
You now have 250 gold pieces (gained 3).
You now have 258 gold pieces (gained 8).
You now have 265 gold pieces (gained 7).
F - a murky green potion Partly explored, can't reach some items and places.
There is an open door here.
There is an open door here.
Really walk onto that alarm trap?
The alarm trap emits a blaring wail!
A sentinel's mark forms upon you.
C - 3 pink potions (gained 1)
You now have 271 gold pieces (gained 6).
You now have 284 gold pieces (gained 13).
You now have 296 gold pieces (gained 12).
You now have 309 gold pieces (gained 13).
C - 4 pink potions (gained 1)
t - 2 murky sapphire potions (gained 1)
C - 6 pink potions (gained 2)
You now have 319 gold pieces (gained 10).
You now have 334 gold pieces (gained 15).
You now have 358 gold pieces (gained 24).
The sentinel's mark upon you fades away.
You now have 363 gold pieces (gained 5).
You now have 379 gold pieces (gained 16).
G - a scroll labeled HOUMU XOJEEXZO
C - 7 pink potions (gained 1)
i - 6 lumpy ruby potions (gained 2) Read which item? (? for menu, Esc to quit)
As you read the scroll labeled HOUMU XOJEEXZO, it crumbles to dust.
It is a scroll of recharging.
Charge which item? (? for menu, Esc to quit)
Your wand of disintegration glows for a moment.
Read which item? (? for menu, Esc to quit)
Okay, then.
There is an open door here.
There is a gate leading back out of this place here.
Welcome back to the Dungeon! x2
There is a collapsed entrance here.
There is an open door here.
Found a shattered altar of Ashenzari.
A crimson imp comes into view.
The crimson imp shouts!
The crimson imp blinks!
f - 4 potions of might (gained 1) Search for what [Enter for "altar", or ? for help]? ve Search for what [Enter for "ve", or ? for help]? vehu Can't find anything matching that.
A wyvern comes into view.
You can't see any susceptible monsters within range! (Use Z to cast anyway.)
The crimson imp blinks!
The crimson imp shouts, "Return whence thou came, thou frumpy idle-headed slime mould!"
The crimson imp grins evilly.
Aim: a wyvern The flame tongue misses the wyvern.
The wyvern bites you! The wyvern bites you!!
* * * LOW HITPOINT WARNING * * *
You take 34 damage, and have 6/40 hp.
MASSIVE DAMAGE!!
You now have 15/16 mp.
Drink which item? (? for menu, Esc to quit)
It was a potion of haste.
You feel yourself speed up.
The wyvern hisses menacingly.
The wyvern closely misses you.
You are very lightly contaminated with residual magic.
Drink which item? (? for menu, Esc to quit)
Really quaff
e - 4 potions of lignification {!q}?
You turn into a tree.
Your +2 cloak melds into your body.
Your +0 pair of gloves melds into your body.
Your +0 pair of boots melds into your body.
Your +0 robe melds into your body.
Your roots penetrate the ground.
The wyvern bites you!
You die...

#............###.........
#............'.##).......
..........#..###.#.......
#...##.......##..##......
.<..........^#...###.....
#................'.##...#
.............#...###.....
####.....##..##..##......
####.....##..###♣#.......
...#.....##..'.##l.......
...#.........###.5..##.##
...#.........##........#
.###.........#...+.......
...#.............#....###
.#..................#.#
.#....................#
.# .....##.######.....###


You could see a wyvern and a crimson imp.

Vanquished Creatures
  A phantom (D:4)
  A giant frog (D:4)
  A scorpion (D:4)
  A hound (D:4)
  An orc priest (D:5)
  3 orc wizards (D:5)
  Natasha (thrice) (D:3)
  A worker ant (D:4)
  9 mummies
  4 gnolls (D:3)
  4 adders
  An ooze (D:2)
  An adder skeleton (D:4)
  A worm (D:2)
  2 dart slugs
  4 giant geckos
  2 orcs
  3 giant cockroaches
  2 gnoll zombies (Ossuary)
  7 goblins
  9 hobgoblins
  6 jackals
  10 kobolds
  A quokka (D:3)
  A ball python (D:1)
  6 bats
  5 giant newts
  A goblin zombie (D:5)
  A hobgoblin zombie (D:5)
  2 kobold zombies (Ossuary)
  4 orc zombies (Ossuary)
  8 rats
106 creatures vanquished.

Notes
Turn   | Place    | Note
--------------------------------------------------------------
     0 | D:1      | esc the Deep Elf Fire Elementalist began the quest for the Orb.
     0 | D:1      | Reached XP level 1. HP: 10/10 MP: 6/6
   256 | D:1      | Reached XP level 2. HP: 16/16 MP: 6/8
   511 | D:1      | Reached skill level 1 in Fighting
   515 | D:1      | Reached skill level 3 in Dodging
   745 | D:2      | Reached XP level 3. HP: 20/20 MP: 5/9
  1818 | D:3      | Found a deep blue altar of Sif Muna.
  1818 | D:3      | Noticed Natasha
  1854 | D:3      | Killed Natasha
  1854 | D:3      | Reached skill level 2 in Conjurations
  1854 | D:3      | Reached XP level 4. HP: 25/25 MP: 7/11
  1889 | D:3      | Noticed Natasha
  1894 | D:3      | Killed Natasha
  1988 | D:3      | Noticed Natasha
  1995 | D:3      | Killed Natasha
  1995 | D:3      | Reached skill level 4 in Dodging
  1995 | D:3      | Reached XP level 5. HP: 17/30 MP: 6/12
  2120 | D:3      | Learned a level 2 spell: Throw Flame
  2124 | D:3      | Learned a level 3 spell: Conjure Flame
  2197 | D:3      | Reached skill level 4 in Fire Magic
  2361 | D:3      | Found a burning altar of Makhleb.
  2405 | D:3      | Reached skill level 4 in Spellcasting
  2759 | D:4      | Reached skill level 3 in Conjurations
  2759 | D:4      | Reached XP level 6. HP: 28/35 MP: 10/14
  2768 | D:4      | Reached skill level 2 in Fighting
  2907 | D:4      | Found a basalt altar of Yredelemnul.
  2919 | D:4      | Learned a level 3 spell: Ignite Poison
  2924 | D:4      | Learned a level 4 spell: Sticky Flame
  2939 | D:4      | Found a glowing golden altar of the Shining One.
  2960 | D:4      | Noticed a profane servitor
  3490 | D:4      | Found a staircase to the Ecumenical Temple.
  3497 | Temple   | Entered the Ecumenical Temple
  3664 | D:4      | Noticed an angel
  3665 | D:4      | Found a glowing silver altar of Zin.
  3711 | D:4      | Noticed an angel
  3720 | D:5      | Entered Level 5 of the Dungeon
  3810 | D:5      | Reached skill level 5 in Fire Magic
  3827 | D:5      | Reached XP level 7. HP: 40/40 MP: 13/16
  3845 | D:5      | Reached skill level 5 in Spellcasting
  3877 | D:5      | Found a sand-covered staircase.
  3882 | D:5      | Reached skill level 5 in Dodging
  3886 | Ossuary  | Entered an ossuary
  4368 | D:5      | Found a shattered altar of Ashenzari.
  4381 | D:5      | Noticed a wyvern
  4397 | D:5      | HP: 6/40 [wyvern (18)]
  4399 | D:5      | Slain by a wyvern

Skill      XL: |  1  2  3  4  5  6  7 |
---------------+----------------------+-----
Fighting       | 1 2 |  2.5
Dodging        | 3 4 5 |  5.2
Conjurations   | 2 3 |  3.8
Fire Magic     | 4 5 |  5.3
Spellcasting   | 4 5 |  5.3
Stealth        | |  2.4

Action                   |  1- 3 |  4- 6 |  7- 9 || total
-------------------------+-------+-------+-------++-------
Melee: Short sword       |     9 |       |       ||     9
       War axe           |     1 |    56 |    20 ||    77
 Cast: Flame Tongue      |    72 |    66 |    48 ||   186
       Throw Flame       |       |       |     2 ||     2
  Use: Scroll            |     5 |     7 |     1 ||    13
       Potion            |       |       |     2 ||     2
 Stab: Sleeping          |       |       |     1 ||     1
  Eat: Chunk             |    15 |     4 |       ||    19
Armor: Robe              |     2 |    18 |     7 ||    27
Dodge: Dodged            |    21 |    79 |     8 ||   108
Block: Other             |       |    15 |     4 ||    19

Vault maps used:
D:1:      eino_arrival_cavern_c
D:2:      corner_web_ring, minivault_26
D:3:      lemuel_coloured_pillars_altar, first_bread, led_sif_book, uniq_natasha
D:4:      grunt_temple_overflow_holy_war, zin_angel,
          minmay_temple_entry_nine_rooms
D:5:      nemelex_deck, ashenzari_conservatory_becter, serial_shops, shop,
          nicolae_ossuary_entry_giza, minmay_misc_feat_rugged,
          trog_three_pillars_becter
Temple:   circular_temple_6
Ossuary:  ossuary_tomb_3

Table legend:
 A = Turns spent in this place as a percentage of turns spent in the entire game.
 B = Non-inter-level travel turns spent in this place as a percentage of non-inter-level travel turns spent in the entire game.
 C = Inter-level travel turns spent in this place as a percentage of turns spent in this place.
 D = Turns resting spent in this place as a percentage of non-inter-level travel turns spent in this place.
 E = Turns spent auto-exploring this place as a percentage of non-inter-level travel turns spent in this place.
 F = Non-inter-level travel turns spent in this place divided by the number of levels of this place that you've seen.
                   A       B       C       D       E      F
               +-------+-------+-------+-------+-------+----------------------
         Total | 100.0 | 100.0 |   0.3 |   3.3 |  11.5 | 163.7
       Dungeon |  80.8 |  80.7 |   0.4 |   2.2 |  13.0 | 185.0
        Temple |   5.0 |   5.1 |   0.0 |   0.0 |   3.4 |  58.0
       Ossuary |  14.2 |  14.2 |   0.0 |  11.0 |   6.1 | 163.0
               +-------+-------+-------+-------+-------+----------------------

Table legend:
 A = Kills in this place as a percentage of kills in entire the game.
 B = Kills by you in this place as a percentage of kills by you in the entire game.
 C = Kills by friends in this place as a percentage of kills by friends in the entire game.
 D = Other kills in this place as a percentage of other kills in the entire game.
 E = Experience gained in this place as a percentage of experience gained in the entire game.
 F = Experience gained in this place divided by the number of levels of this place that you have seen.
                   A       B       C       D       E      F
               +-------+-------+-------+-------+-------+----------------------
         Total | 100.0 | 100.0 |  -nan |  -nan | 100.0 | 142.7
       Dungeon |  84.9 |  84.9 |  -nan |  -nan |  84.9 | 169.6
       Ossuary |  15.1 |  15.1 |  -nan |  -nan |  15.1 | 151.0
               +-------+-------+-------+-------+-------+----------------------
